 Dungeon Crawl Stone Soup version 0.29.1-2-gbd0b4ee654 (webtiles) character file.

Game seed: 9520034780219208852

36 qeuew the Poker (level 3, -2/28 HPs)
             Began as a Merfolk Gladiator on Nov 9, 2022.
             Slain by Sigmund
             ... wielding a +1 scythe of holy wrath
              (4 damage)
             ... on level 2 of the Dungeon.
             The game lasted 00:01:32 (1314 turns).

qeuew the Poker (Merfolk Gladiator)                 Turns: 1314, Time: 00:01:32

Health: -2/28      AC:  4    Str: 16    XL:     3   Next: 37%
Magic:  3/3        EV: 13    Int:  7    God:
Gold:   116        SH:  0    Dex: 15    Spells: 2/2 levels left

rFire   . . .      SeeInvis .   a - +0 trident
rCold   . . .      Faith    .   (no shield)
rNeg    . . .      Spirit   .   b - +0 leather armour
rPois   .          Reflect  .   c - +0 helmet
rElec   .          Harm     .   (no cloak)
rCorr   .          Rampage  .   (no gloves)
Will    .....                   (no boots)
Stlth   +.........              (no amulet)
HPRegen 0.09/turn               (no ring)
MPRegen 0.08/turn               (no ring)

@: no status effects
A: (nimble swimmer 2), mertail
a: no special abilities


You were on level 2 of the Dungeon.
You visited 1 branch of the dungeon, and saw 2 of its levels.

You collected 116 gold pieces.

Inventory:

Hand Weapons
 a - a +0 trident (weapon)
Missiles
 d - 3 throwing nets (quivered)
 e - a javelin
Armour
 b - a +0 leather armour (worn)
 c - a +0 helmet (worn)
Scrolls
 h - 2 scrolls of teleportation
Potions
 g - a potion of ambrosia


   Skills:
 + Level 2.6 Fighting
 + Level 4.4 Polearms
 + Level 2.4 Throwing
 + Level 0.7 Armour
 + Level 4.4 Dodging


You had 2 spell levels left.
You didn't know any spells.
Your spell library was empty.

Dungeon Overview and Level Annotations

Branches:
Dungeon (2/15)

Altars:

Annotations:
D:2 Sigmund


Innate Abilities, Weirdness & Mutations

((You are very nimble when in or above water. (Stealth+, EV+, Speed+++)))
Your lower body shifts to a powerful aquatic tail in water.


Message History

A bat comes into view.
A bat is nearby!
A bat is nearby!
You miss the bat. The bat barely misses you. The bat closely misses you.
A bat is nearby!
You reach to attack!
You closely miss the bat. The bat barely misses you.
A bat is nearby!
You reach to attack!
You miss the bat. The bat hits you.
A bat is nearby!
You reach to attack!
You puncture the bat!
You kill the bat!
Found a ring mail.
No target in view!
Sigmund and a rat come into view.
Sigmund is wielding a +1 scythe of holy wrath.
Sigmund is nearby!
Sigmund is nearby!
Sigmund casts a spell.
Sigmund flickers and vanishes!
Deactivating autopickup; reactivate with Ctrl-A.
No target in view!
No target in view!
No target in view!
Something barely misses you.
You miss something.
You hear some strange, mumbled words.
A puff of flame appears from out of thin air!
The puff of flame hits you!
You closely miss something. The rat closely misses you. Something hits you.
You hit something. The rat bites you but does no damage.
The rat closely misses you. Something hits you.
You closely miss something. The rat barely misses you.
You closely miss something. Something hits you!
* * * LOW HITPOINT WARNING * * *
The rat bites you.
* * * LOW HITPOINT WARNING * * *
Unknown command.
You completely miss something. The rat barely misses you. Something hits you.
You die...

####.... ##.
########...##. ##.....
..........<).. #..#..
....######...# #..#.#
#.........### #####....##
#.......### #
.......#..###.......#####
....[#.#{r.......†.....##
....#...@..##.......##..)
#.......#.#........#####
#..#...............>..(.
##..#....#.########.~####
#...#....#.##.....♣~~~...
#.#.#..............~~P.##
#.....######.......~♣..#
######...###
##......♣P..##
###........#
#####........


You could see a rat.

Vanquished Creatures
  An adder (D:2)
  A dart slug (D:1)
  5 ball pythons
  3 bats (D:2)
  A giant cockroach (D:1)
  2 goblins
  4 jackals (D:1)
  2 quokkas
  2 frilled lizards
  2 kobolds (D:1)
  A rat (D:1)
24 creatures vanquished.

Notes
Turn   | Place    | Note
-------+----------+-------------------------------------------
     0 | D:1      | qeuew the Merfolk Gladiator began the quest for the Orb.
     0 | D:1      | Reached XP level 1. HP: 16/16 MP: 1/1
   227 | D:1      | Reached XP level 2. HP: 15/23 MP: 2/2
   951 | D:2      | Reached XP level 3. HP: 10/28 MP: 3/3
  1304 | D:2      | Noticed Sigmund
  1314 | D:2      | Slain by Sigmund

Illustrated notes

Levels and vault maps discovered:
D:1:      dpeg_arrival_three_smaller_balls, layout_loops_ring
D:2:      layout_rooms, basic_ecumenical_altar, serial_aquarium,
          aquarium_bridge_square [aquarium_subvault_wall,
          aquarium_subvault_bridge, aquarium_subvault_bridge,
          aquarium_subvault_wall], aquarium_window_1, aquarium_window_3,
          aquarium_view_2d, aquarium_view_2d, aquarium_pool_side,
          serial_bayou_pond_d, uniq_sigmund

Action                   || total
-------------------------++-------
Melee: Trident           ||    78
       Punch             ||     1
  Use: Scroll            ||     2
 Stab: Sleeping          ||     2
Armor: Leather armour    ||    24
Dodge: Dodged            ||    78
